 Dungeon Crawl Stone Soup version 0.30-a0-637-gacddeb6d44 (webtiles) character file.

Game seed: 16634696712189972442

84233 Leeroy the Fencer (level 15, -1/90 HPs)
             Began as a Tengu Warper on Jan 15, 2023.
             Was a Follower of Uskayaw.
             Killed by the air
             ... invoked by a wind drake
              (24 damage)
             ... on level 3 of the Shoals.
             The game lasted 01:08:05 (23469 turns).

Leeroy the Fencer (Tengu Warper)                   Turns: 23469, Time: 01:08:06

Health: -1/90      AC:  8    Str: 12    XL:     15   Next: 79%
Magic:  0/28       EV: 28    Int: 22    God:    Uskayaw [*.....]
Gold:   32         SH:  8    Dex: 20    Spells: 4/31 levels left

rFire   + . .      SeeInvis .    B - +1 triple sword (protect)
rCold   . . .      Faith    .    (shield currently unavailable)
rNeg    . . .      Spirit   +    H - +0 troll leather armour
rPois   +          Reflect  .    X - +1 hat {Will+}
rElec   .          Harm     .    o - +2 cloak {rPois}
rCorr   .          Rampage  .    (no gloves)
Will    +++..                    (boots unavailable)
Stlth   +                        R - brooch of Shielding {Spirit SH+8}
HPRegen 1.15/turn                k - ring "Utiuk" {rF+ Will+ Int+2}
MPRegen 0.21/turn                D - +6 ring of intelligence

@: flying quickly and evasively, hasted, very quick
A: beak, talons 3, nimble flight
a: Renounce Religion, Stomp


You were on level 3 of the Shoals.
You worshipped Uskayaw.
Uskayaw was noncommittal.
You visited 5 branches of the dungeon, and saw 21 of its levels.
You also visited: Bailey and Gauntlet.

You collected 1616 gold pieces.
You spent 1584 gold pieces at shops.

Inventory:

Hand Weapons
 t - a +2 rapier of protection
 B - a +1 triple sword of protection (weapon)
 J - a +4 scimitar of freezing
 S - a +4 scimitar of electrocution
Missiles
 c - 6 silver boomerangs
 d - 7 boomerangs of dispersal
 g - 36 poisoned darts
 j - 4 atropa-tipped darts
 m - 2 silver javelins (quivered)
 u - 6 datura-tipped darts
 y - 13 javelins
 V - 2 curare-tipped darts
Armour
 e - a scarf of shadows
 o - a +2 cloak of poison resistance (worn)
 H - a +0 troll leather armour (worn)
 T - the +5 chain mail "Vivirhed" {rN+ Int+4}
   (You found it on level 7 of the Dungeon)

   Int:       It affects your intelligence (+4).
   rN:        It protects you from negative energy.
 X - a +1 hat of willpower (worn)
Jewellery
 h - an amulet of regeneration
 k - the ring "Utiuk" (left hand) {rF+ Will+ Int+2}
   (You found it on level 2 of the Dungeon)

   [ring of protection from fire]

   Int:       It affects your intelligence (+2).
   rF:        It protects you from fire.
   Will:      It increases your willpower.
 v - an amulet of reflection
 w - a +6 ring of strength
 D - a +6 ring of intelligence (right hand)
 F - an amulet of guardian spirit
 I - a ring of positive energy
 N - a ring of magical power
 Q - a ring of resist corrosion
 R - the brooch of Shielding (around neck) {Spirit SH+8}
   (You bought it in a shop on level 10 of the Dungeon)

   [amulet of guardian spirit]

   It causes incoming damage to be divided between your reserves of health and
   magic.
   SH:        It affects your SH (+8).
Wands
 b - a wand of mindburst (6)
 r - a wand of flame (7)
 G - a wand of paralysis (2)
 Y - a wand of digging (3)
Scrolls
 a - 3 scrolls of identify
 n - 3 scrolls of vulnerability
 s - a scroll of teleportation
 E - a scroll of immolation
 L - 2 scrolls of fog
 O - a scroll of fear
 U - a scroll of blinking
Potions
 i - 2 potions of might
 l - 2 potions of brilliance
 p - 2 potions of attraction
 q - 2 potions of invisibility
 x - a potion of resistance
 z - 7 potions of curing
 A - 3 potions of magic
 C - 6 potions of flight
 K - a potion of ambrosia {unknown}
 M - 3 potions of lignification
 P - 3 potions of haste
 Z - a potion of cancellation
Miscellaneous
 W - a piece from Xom's chessboard (15/15)


   Skills:
 - Level 9.0 Fighting
 - Level 20.0 Long Blades
 - Level 1.0 Throwing
 - Level 1.1 Armour
 - Level 17.0 Dodging
 + Level 8.5 Spellcasting
 - Level 5.4 Translocations


You had 4 spell levels left.
You knew the following spells:

 Your Spells              Type           Power      Damage    Failure   Level
a - Blink                 Tloc           66%        N/A       1%          2
b - Shock                 Conj/Air       36%        1d5       9%          1
c - Vhi's Electric Charg  Tloc/Air       42%        N/A       9%          3
d - Teleport Other        Tloc           33%        N/A       2%          3
e - Manifold Assault      Tloc           33%        N/A       10%         4
f - Swiftness             Air            9%         N/A       26%         3
g - Airstrike             Air            4%         2d(1-17)  65%         4
h - Passage of Golubria   Tloc           33%        N/A       10%         4
i - Lesser Beckoning      Tloc           66%        N/A       2%          3

Your spell library contained the following spells:

 Spells                   Type           Power      Damage    Failure   Level
 Momentum Strike          Conj/Tloc      42%        3d9       4%          2
 Foxfire                  Conj/Fire      36%        2x1d5     9%          1
 Magic Dart               Conj           36%        1d4       9%          1
 Searing Ray              Conj           18%        2d5       14%         2
 Sublimation of Blood     Necr           9%         N/A       14%         2
 Dazzling Flash           Conj/Hex       18%        N/A       26%         3
 Inner Flame              Hex/Fire       9%         N/A       26%         3
 Flame Wave               Conj/Fire      9%         2d6       65%         4
 Fulminant Prism          Conj/Hex       4%         3d5       65%         4
 Petrify                  Tmut/Erth      9%         N/A       65%         4
 Sticky Flame             Conj/Fire      9%         2d3       65%         4
 Agony                    Necr           9%         N/A       94%         5
 Fireball                 Conj/Fire      4%         3d4       94%         5
 Irradiate                Conj/Tmut      4%         3d13      94%         5
 Silence                  Hex/Air        4%         N/A       94%         5
 Starburst                Conj/Fire      4%         6d4       100%        6
 Lehudib's Crystal Spear  Conj/Erth      4%         10d3      100%        8


Dungeon Overview and Level Annotations

Branches:
Dungeon (11/15)            Temple (1/1) D:4            Lair (5/5) D:10
 Shoals (3/4) Lair:2        Snake (1/4) Lair:3        Slime (0/5) Lair:4
 Bailey (visited)         Gauntlet (visited)
    Orc: D:9-12

Altars:
Ashenzari
Cheibriados
Dithmenos
Elyvilon
Fedhas
Hepliaklqana
Makhleb
Nemelex Xobeh
Okawaru
Qazlal
Ru
Trog
Uskayaw
Wu Jian
Xom
Yredelemnul
Zin
The Shining One
Jiyva
Lugonu

Shops:
D:8 *   D:10 =   Shoals:1 !   Shoals:2 [

Portals:
Abyss: Lair:5

Annotations:
D:10 Gastronok
D:11 Urug


Innate Abilities, Weirdness & Mutations

You have a beak for a mouth.
You have claws for feet.
Your magical nature lets you fly swiftly and evasively.


Message History

Casting: Vhi's Electric Charge (dangerous; 9% risk of failure)
Confirm with . or Enter, or press ? or * to list all spells.
You blink.
The wind drake flaps its wings at you. The air twists around and strikes you.
The tentacle slaps you!
You slice the tentacle!! You claw the tentacle.
The tentacle is severely wounded.
A tentacle segment bursts forth from the water. x3
You block the tentacle's attack.
You hit the tentacle but do no damage.
The tentacle is severely wounded.
The tentacle slaps you but does no damage.
You block the tentacle's attack. The wind drake flaps its wings at you.
The air twists around and strikes you.
You barely miss the tentacle. Your kick misses the tentacle.
You peck the tentacle, but do no damage.
The tentacle is severely wounded.
You feel stable enough to blink again.
The tentacle completely misses you. x2; Tentacles burst out of the water!
The tentacle completely misses you.
The tentacle misses you. 2 tentacles come into view.
You barely miss the tentacle. You claw the tentacle.
You peck the tentacle, but do no damage.
The tentacle is severely wounded.
The tentacle misses you. The tentacle slaps you.
Casting: Blink (safe; 1% risk of failure)
Confirm with . or Enter, or press ? or * to list all spells.
You blink.
A tentacle segment bursts forth from the water.
The wind drake flaps its wings at you. The air twists around and strikes you!
* * * LOW HITPOINT WARNING * * *
Okay, then.
You feel yourself speed up.
You feel stable enough to blink again. The tentacle completely misses you.
The tentacle misses you. The wind drake flaps its wings at you.
The air twists around and strikes you!!
You die...

##########################
#≈≈≈≈≈≈≈≈≈≈≈≈≈≈≈≈≈≈≈≈≈≈≈≈≈
#≈≈≈≈≈≈≈w≈≈≈≈≈≈≈≈≈≈≈≈≈≈≈≈≈
#≈≈≈≈≈≈ww≈≈≈≈≈≈≈≈≈≈≈≈≈≈≈≈≈
#§≈≈X≈≈≈≈≈≈≈≈≈≈≈~~~~~~~~≈≈
#≈≈≈≈≈≈≈≈@≈≈≈≈≈~~~~~~~~~~≈
#≈≈≈≈≈k≈≈≈≈≈≈≈≈~~~~..~~~~~
#≈≈≈≈≈≈≈≈≈≈≈≈≈~~~~.#....~~
#≈≈≈≈≈≈≈≈≈≈≈≈~~~..#####..~
#≈≈≈≈≈≈≈≈≈≈≈~~~~.># ##..
#≈≈≈≈≈≈≈≈≈≈≈~~~~..# ##.
#≈≈≈≈≈≈≈≈≈≈≈~~~~..#### ##
#≈≈≈≈≈≈≈≈≈≈≈~~~~.....# #
#≈≈≈≈≈≈≈≈≈≈≈~~~~~..[.# #


You could see a kraken, a wind drake (repels missiles) and 3 tentacles.

Vanquished Creatures
  Polyphemus (Shoals:2)
  4 merfolk impalers
  2 merfolk javelineers (Shoals:1)
  Josephine (Shoals:1)
  Erolcha (D:11)
  6 hydras
  3 merfolk avatars
  3 catoblepae
  2 centaur warriors
  2 merfolk aquamancers (Shoals:1)
  8 death yaks
  2 thrashing horrors (Lair:5)
  2 large abominations (Lair:5)
  4 sea snakes
  10 harpies
  3 ugly things (Lair:5)
  16 fauns
  A wolf spider (Lair:5)
  9 manticores
  5 black mambas
  8 elephants
  7 merfolk sirens
  14 cane toads
  3 water nymphs
  A smoke demon (Lair:5)
  A rime drake (shapeshifter) (Lair:5)
  3 rime drakes
  7 komodo dragons
  2 ancient zymes (Lair:5)
  A queen bee (shapeshifter) (Lair:5)
  A polar bear (Lair:5)
  11 merfolk
  A hornet (D:7)
  3 trolls
  5 wind drakes
  28 blink frogs
  Grinder (D:5)
  2 snapping turtles (Shoals:2)
  A shadow (D:7)
  Sigmund (D:5)
  4 wraiths (Shoals:1)
  A ynoxinul (Lair:5)
  7 water elementals
  7 basilisks
  6 wyverns
  31 yaks
  2 steam dragons
  A vampire mosquito (D:8)
  Grum (D:9)
  2 chaos spawn (Lair:5)
  A naga (Lair:3)
  Menkaure (D:6)
  13 water moccasins
  7 ice beasts
  9 orc warriors
  3 sky beasts
  3 black bears
  2 ogres
  23 wolves
  3 phantoms
  2 kobold brigands (D:8)
  9 bullfrogs
  A necrophage (D:6)
  2 gnoll sergeants
  5 scorpions
  17 wights
  3 killer bees (D:10)
  4 howler monkeys
  4 electric eels
  A hound (D:4)
  2 jellies
  4 orc priests
  Crazy Yiuf (D:6)
  Ijyb (D:5)
  2 iguanas
  10 orc wizards
  16 hell rats (Lair:3)
  8 small abominations (Lair:5)
  5 gnolls
  8 adders
  8 shadow imps
  2 white imps
  4 ufetubi
  3 worms
  4 dart slugs
  28 orcs
  3 endoplasms
  3 giant cockroaches
  10 goblins
  7 hobgoblins
  8 jackals
  A quokka (D:5)
  5 ball pythons
  3 bats
  5 frilled lizards
  15 kobolds
  9 rats
536 creatures vanquished.

Vanquished Creatures (collateral kills)
  Sonja (D:11)
  An unseen horror (D:11)
2 creatures vanquished.

Vanquished Creatures (others)
  A shadow (D:11)
  2 kobolds (D:3)
  4 demonic plants (D:8)
  26 fungi
  106 plants
  3 tentacles (Shoals:3)
142 creatures vanquished.

Grand Total: 680 creatures vanquished

Notes
Turn   | Place    | Note
-------+----------+-------------------------------------------
     0 | D:1      | Leeroy the Tengu Warper began the quest for the Orb.
     0 | D:1      | Reached XP level 1. HP: 12/12 MP: 4/4
   202 | D:1      | Reached skill level 3 in Long Blades
   202 | D:1      | Reached XP level 2. HP: 7/17 MP: 6/6
   377 | D:1      | Learned a level 2 spell: Blink
   636 | D:1      | Reached XP level 3. HP: 21/21 MP: 7/7
   957 | D:2      | Reached skill level 4 in Long Blades
   964 | D:2      | Identified the ring "Utiuk" {rF+ Will+ Int+2}
  1075 | D:2      | Learned a level 3 spell: Lesser Beckoning
  1303 | D:2      | You fall into a shaft and drop 1 floor!
  1919 | D:3      | Reached XP level 4. HP: 26/26 MP: 8/8
  2021 | D:3      | Found a shimmering altar of Xom.
  2118 | D:3      | Found a stormy altar of Qazlal.
  2118 | D:3      | Found an ornate altar of the Wu Jian Council.
  2543 | D:4      | Noticed a scorpion
  2644 | D:4      | Reached skill level 5 in Long Blades
  2704 | D:4      | Found a staircase to the Ecumenical Temple.
  2710 | Temple   | Entered the Ecumenical Temple
  2727 | Temple   | Became a worshipper of Uskayaw the Reveller
  2863 | D:4      | Noticed a phantom
  2865 | D:4      | Reached * piety under Uskayaw
  2869 | D:4      | Reached ** piety under Uskayaw
  2875 | D:4      | Reached *** piety under Uskayaw
  2876 | D:4      | Killed a phantom
  2877 | D:4      | Gained mutation: Your magical nature lets you fly swiftly
                  | and evasively. [Tengu growth]
  2877 | D:4      | Reached XP level 5. HP: 23/30 MP: 8/11
  3008 | D:4      | Noticed a black bear
  3015 | D:4      | Killed a black bear
  3016 | D:4      | Reached XP level 6. HP: 30/35 MP: 11/13
  3019 | D:4      | Reached **** piety under Uskayaw
  3350 | D:4      | Reached skill level 5 in Spellcasting
  3606 | D:4      | Reached XP level 7. HP: 25/40 MP: 14/16
  3850 | D:5      | Entered Level 5 of the Dungeon
  3972 | D:5      | Noticed Grinder
  3991 | D:5      | Killed Grinder
  3992 | D:5      | Reached skill level 6 in Long Blades
  3997 | D:5      | Learned a level 3 spell: Vhi's Electric Charge
  4183 | D:5      | Noticed a wyvern
  4184 | D:5      | Found a white marble altar of Elyvilon.
  4194 | D:5      | Killed a wyvern
  4195 | D:5      | Reached skill level 7 in Long Blades
  4195 | D:5      | Reached XP level 8. HP: 31/44 MP: 18/18
  4268 | D:5      | Noticed Sigmund
  4432 | D:6      | Reached skill level 5 in Dodging
  4732 | D:6      | Noticed Menkaure
  4760 | D:6      | Killed Menkaure
  4761 | D:6      | Reached XP level 9. HP: 9/48 MP: 19/19
  4764 | D:6      | Reached ***** piety under Uskayaw
  5268 | D:6      | Reached ****** piety under Uskayaw
  5650 | D:6      | Found a runed translucent door.
  5651 | D:6      | Noticed Crazy Yiuf
  5681 | D:7      | Found a sparkling altar of Nemelex Xobeh.
  5893 | D:7      | Reached skill level 10 in Dodging
  5933 | D:7      | Found a burning altar of Makhleb.
  5990 | D:7      | Noticed a hornet
  6221 | D:8      | Reached XP level 10. HP: 43/53 MP: 16/20
  6472 | D:8      | Learned a level 3 spell: Teleport Other
  6477 | D:8      | Learned a level 4 spell: Manifold Assault
  6481 | D:8      | Learned a level 3 spell: Swiftness
  6799 | D:8      | Found Jasyimi's Lightly-Used Armoury.
  6807 | D:8      | Bought a -3 triple sword for 1 gold piece
  6807 | D:8      | Bought a -3 double sword for 1 gold piece
  6999 | D:8      | Found a broken altar of Ashenzari.
  7293 | D:7      | Identified the +5 chain mail "Vivirhed" {rN+ Int+4}
  7428 | D:7      | Noticed a centaur warrior
  7447 | D:7      | Killed a centaur warrior
  7731 | D:6      | Killed Crazy Yiuf
  7736 | D:6      | Identified the +3 hammer of Annihilation {heavy, Str+2}
  7853 | D:5      | Killed Sigmund
  7948 | D:5      | Reached XP level 11. HP: 57/57 MP: 21/21
  8006 | D:5      | Noticed Ijyb
  8043 | D:5      | Killed Ijyb
  8470 | D:9      | Noticed Grum
  8501 | D:9      | Reached skill level 15 in Dodging
  8508 | D:9      | Killed Grum
  8812 | D:9      | Found an iron altar of Okawaru.
  8949 | D:10     | Entered Level 10 of the Dungeon
  9104 | D:10     | Found a staircase to the Lair.
  9362 | D:10     | Found Cuffoopt's Jewellery Boutique.
  9527 | D:10     | Found a flagged portal.
  9537 | Bailey   | Entered a bailey
  9668 | Bailey   | Learned a level 1 spell: Shock
  9673 | Bailey   | Learned a level 4 spell: Airstrike
 10162 | D:10     | Noticed Gastronok
 10177 | D:11     | Noticed Erolcha
 10207 | D:11     | Killed Erolcha
 10685 | D:11     | Reached skill level 8 in Long Blades
 10725 | D:11     | Noticed Sonja
 10761 | D:11     | Killed Sonja
 10932 | D:11     | Noticed Urug
 11027 | D:10     | Bought the brooch of Shielding {Spirit SH+8} for 910 gold
                  | pieces
 11027 | D:10     | Found the brooch of Shielding {Spirit SH+8}
 11064 | Lair:1   | Entered Level 1 of the Lair of Beasts
 11155 | Lair:1   | Reached skill level 9 in Long Blades
 11195 | Lair:1   | Reached XP level 12. HP: 51/62 MP: 17/22
 11223 | Lair:1   | Reached skill level 10 in Long Blades
 11425 | Lair:1   | Found a gate leading to a gauntlet.
 11451 | Gauntlet | Entered a Gauntlet
 11451 | Gauntlet | Found a transporter.
 11463 | Gauntlet | Noticed a death scarab
 11466 | Gauntlet | Found a transporter.
 11469 | Gauntlet | Found a transporter.
 11470 | Gauntlet | Found a transporter.
 11478 | Gauntlet | Found a transporter.
 11481 | Gauntlet | Found a transporter.
 11482 | Gauntlet | Found a transporter.
 11492 | Gauntlet | Found a transporter.
 11494 | Gauntlet | Found a transporter.
 11495 | Gauntlet | Found a transporter.
 11503 | Gauntlet | Found a transporter.
 11506 | Gauntlet | Found a transporter.
 11507 | Gauntlet | Found a transporter.
 11515 | Gauntlet | Noticed a blizzard demon
 11518 | Gauntlet | Found a transporter.
 11835 | Lair:1   | Reached skill level 11 in Long Blades
 12284 | Lair:2   | Found a staircase to the Shoals.
 12548 | Lair:2   | Noticed a catoblepas
 12606 | Lair:1   | Killed a catoblepas
 12697 | Lair:2   | Reached skill level 5 in Fighting
 13390 | Lair:3   | Reached skill level 12 in Long Blades
 13442 | Lair:3   | Found a staircase to the Snake Pit.
 13493 | Lair:3   | Noticed a six-headed hydra
 13887 | Lair:3   | Reached XP level 13. HP: 75/75 MP: 21/23
 13954 | Lair:3   | Identified the +8 quarterstaff "Vufaczic" {protect, rElec
                  | rF- Int+7 Stlth-}
 14073 | Lair:2   | Learned a level 4 spell: Passage of Golubria
 14349 | Lair:3   | Reached skill level 13 in Long Blades
 14444 | Lair:4   | Found a staircase to the Slime Pits.
 14444 | Lair:4   | Found a viscous altar of Jiyva.
 15118 | Lair:4   | Reached skill level 14 in Long Blades
 15515 | Lair:5   | Entered Level 5 of the Lair of Beasts
 15680 | Lair:5   | Reached skill level 15 in Long Blades
 16223 | Lair:5   | Reached skill level 16 in Long Blades
 16223 | Lair:5   | Reached XP level 14. HP: 82/82 MP: 22/24
 16403 | Lair:5   | Reached skill level 5 in Translocations
 16803 | Lair:5   | Reached skill level 17 in Long Blades
 17309 | Lair:5   | Found a corrupted altar of Lugonu.
 17309 | Lair:5   | Found a one-way gate to the infinite horrors of the Abyss.
 17559 | Snake:1  | Entered Level 1 of the Snake Pit
 17601 | Shoals:1 | Entered Level 1 of the Shoals
 18970 | Shoals:1 | Noticed Josephine
 18985 | Shoals:1 | Killed Josephine
 18987 | Shoals:1 | Reached skill level 18 in Long Blades
 19089 | Shoals:1 | Found Ycwomep's Distillery.
 19196 | Shoals:1 | Bought a potion of brilliance for 64 gold pieces
 19196 | Shoals:1 | Bought a potion of brilliance for 64 gold pieces
 19368 | Shoals:1 | Reached XP level 15. HP: 76/90 MP: 19/25
 19612 | Shoals:1 | Reached skill level 19 in Long Blades
 20950 | Shoals:1 | Reached skill level 20 in Long Blades
 21079 | Shoals:1 | Bought a potion of magic for 128 gold pieces
 21079 | Shoals:1 | Bought a potion of curing for 48 gold pieces
 21079 | Shoals:1 | Bought a potion of haste for 160 gold pieces
 21099 | Shoals:2 | Noticed Polyphemus
 22377 | Shoals:2 | Killed Polyphemus
 22816 | Shoals:2 | Found Nozxiq's Armour Shop.
 22842 | Shoals:2 | Bought a +1 hat of willpower for 208 gold pieces
 23360 | Shoals:2 | Learned a level 3 spell: Lesser Beckoning
 23372 | Shoals:3 | Identified the ring "Cozeigob" {*Slow +Blink rF+++ rCorr
                  | Stlth+}
 23453 | Shoals:3 | Noticed a kraken
 23469 | Shoals:3 | Killed from afar by a wind drake

Illustrated notes

Levels and vault maps discovered:
D:1:      spicycebolla_arrival_xxxplode, layout_basic
D:2:      layout_basic, serial_park_tiny_1, kennysheep_big_empty_room,
          kennysheep_generic_room_2
D:3:      layout_rooms, xom_confusion_cloud, nicolae_overflow_two_pavilions,
          chequers_big_river, st_stairs_12, skrybe_limestone_x,
          grunt_decor_resistance
D:4:      layout_basic, minmay_temple_entry_gardened_gates,
          grunt_decor_arrowhead, minmay_misc_feat_square
D:5:      layout_rooms, mainiacjoe_overflow_catwalk, uniq_grinder, uniq_sigmund,
          uniq_ijyb
D:6:      layout_loops_ring, uniq_menkaure, uniq_crazy_yiuf_cottage
D:7:      layout_basic, hangedman_feature_mirror, minmay_three_doors
D:8:      minmay_clustersquares, layout_rooms, kennysheep_mini, serial_demonic,
          serial_demonic_d, serial_demonic_d, serial_demonic_f,
          serial_demonic_b, serial_demonic_g, serial_demonic_f,
          serial_demonic_a, serial_demonic_g, minmay_shop_damaged,
          kennysheep_cluttered_room
D:9:      layout_irregular_city, mainiacjoe_overflow_boulevard, uniq_grum
D:10:     layout_roguey, palyth_temple_overflow_mages, grunt_gozag_statues,
          hellmonk_lair_entry_icy, enter_bailey_2, serial_shops,
          nicolae_shop_hallway_plus, minivault_1, minmay_nine_imps,
          uniq_gastronok
D:11:     layout_roguey, uniq_sonja, uniq_urug, uniq_erolcha
Temple:   hellmonk_temple_two_chambers
Lair:1:   layout_chaotic_city, gauntlet_entry_generic, grunt_megastairs_2,
          infiniplex_staircase_pool_2
Lair:2:   layout_regular_city, minmay_shoals_entry_beasts
Lair:3:   layout_cave_shapes, guppyfry_snake_entry_garden
Lair:4:   layout_misc_corridors, slime_entry_1, lemuel_fruit_tree
Lair:5:   hellmonk_lair_end_abyssal_woods, layout_loops_ring,
          nicolae_lair_run_with_the_wolves, serial_bayou_shore_a,
          grunt_megastairs_4, infiniplex_staircase_pool
Shoals:1: layout_shoals, serial_shops, shop, nicolae_shoals_dead_sea_scrolls,
          uniq_josephine
Shoals:2: layout_shoals, serial_shops, nicolae_shop_behind_doors,
          nzn_prometheus_bound, uniq_polyphemus
Shoals:3: layout_shoals, uniq_aizul
Snake:1:  layout_cave_shapes

Skill      XL: |  1  2  3  4  5  6  7  8  9 10 11 12 13 14 15 |
---------------+----------------------------------------------+-----
Long Blades    | 3 4 5 7 9 12 16 18 20 | 20.0
Spellcasting   | 3 4 5 6 8 |  8.5
Dodging        | 7 11 14 17 | 17.0
Fighting       | 7 9 |  9.0
Translocations | 4 5 |  5.4
Throwing       | |  1.0
Armour         | |  1.1

Action                   |  1- 3 |  4- 6 |  7- 9 | 10-12 | 13-15 || total
-------------------------+-------+-------+-------+-------+-------++-------
Melee: Falchion          |    82 |    44 |       |       |       ||   126
       Kick              |    14 |    30 |   114 |   461 |   389 ||  1008
       Peck              |    10 |    13 |    82 |   295 |   268 ||   668
       Short sword       |       |    42 |   355 |  1052 |   160 ||  1609
       Punch             |       |     1 |     4 |    22 |       ||    27
       Triple sword      |       |       |       |   144 |   851 ||   995
Throw: Dart              |       |     2 |    18 |     1 |       ||    21
       Javelin           |       |       |       |       |     5 ||     5
 Cast: Blink             |       |       |     1 |     4 |     5 ||    10
       Vhi's Electric Ch |       |       |       |     9 |    49 ||    58
       Passage of Golubr |       |       |       |       |     2 ||     2
       Shock             |       |       |       |       |     2 ||     2
       Manifold Assault  |       |       |       |       |    34 ||    34
Evoke: Wand              |       |       |     6 |    28 |    30 ||    64
  Use: Scroll            |     1 |       |     5 |    24 |    10 ||    40
       Potion            |       |       |       |     2 |     6 ||     8
 Stab: Sleeping          |     3 |     1 |       |     1 |       ||     5
       Paralysed         |       |     2 |    16 |    50 |    53 ||   121
       Distracted        |       |       |       |     1 |     1 ||     2
       Petrified         |       |       |       |       |     1 ||     1
Armor: Leather armour    |    19 |    26 |    79 |    27 |       ||   151
       Steam dragon scal |       |       |       |    66 |       ||    66
       Troll leather arm |       |       |       |    63 |   135 ||   198
Dodge: Dodged            |    57 |    59 |   283 |  1266 |  1067 ||  2732
Block: Other             |       |       |       |   184 |   443 ||   627

Table legend: (Time is in decaauts)
 A = Elapsed time spent in this place.
 B = Non-inter-level travel time spent in this place.
 C = Inter-level travel time spent in this place.
 D = Time resting spent in this place.
 E = Time spent auto-exploring this place.
 F = Levels seen in this place.
 G = Mean time per level.
                   A        B        C        D        E       F      G
               +--------+--------+--------+--------+--------+-----+--------+
         Total |  22060 |  21309 |    751 |   3702 |  11706 |  23 |  959.1 |
       Dungeon |   9891 |   9431 |    460 |    310 |   6416 |  11 |  899.2 |
        Temple |     21 |     21 |      0 |      0 |     10 |   1 |   21.0 |
          Lair |   6929 |   6710 |    219 |   1640 |   3196 |   5 | 1385.8 |
        Shoals |   4642 |   4571 |     71 |   1632 |   1822 |   3 | 1547.3 |
     Snake Pit |      1 |      1 |      0 |      0 |      0 |   1 |    1.0 |
        Bailey |    426 |    426 |      0 |    119 |    135 |   1 |  426.0 |
      Gauntlet |    146 |    146 |      0 |      0 |    125 |   1 |  146.0 |
               +--------+--------+--------+--------+--------+-----+--------+

Top non-repeatable levels by time:
Shoals:1: 3143 daAuts
  Lair:2: 2278 daAuts
  Lair:5: 1686 daAuts
     D:6: 1414 daAuts
Shoals:2: 1400 daAuts
     D:4: 1253 daAuts
  Lair:4: 1106 daAuts
     D:7: 974 daAuts
     D:2: 956 daAuts
  Lair:1: 950 daAuts
  Lair:3: 907 daAuts
     D:1: 890 daAuts
     D:8: 882 daAuts
     D:3: 869 daAuts
    D:10: 777 daAuts
